 Dungeon Crawl Stone Soup version 0.18-a0-329-g5b4d444 (webtiles) character file.

101 Avanven the Charmwright (level 5, -2/38 HPs)
             Began as a Human Skald on Nov 28, 2015.
             Slain by an orc priest
             ... wielding a +0 mace
              (9 damage)
             ... on level 3 of the Dungeon.
             The game lasted 00:07:07 (3117 turns).

Avanven the Charmwright (Human Skald)               Turns: 3117, Time: 00:07:07

Health: -2/38      AC:  3    Str: 12    XL:     5   Next: 4%
Magic:  6/8        EV: 13    Int: 14    God:
Gold:   106        SH:  0    Dex: 12    Spells: 2 memorised, 4 levels left

rFire  . . .     SeeInvis .     a - +0 mace
rCold  . . .     Clarity  .     b - +0 leather armour
rNeg   + . .     SustAt   .     (no shield)
rPois  .         Gourm    .     (no helmet)
rElec  .         Spirit   .     (no cloak)
rCorr  .         Warding  +     (no gloves)
rMut   .         Stasis   .     (no boots)
MR     .....                    i - amulet of warding
Stlth  +.........               (no ring)
                                (no ring)

@: very slightly contaminated, not resistant to hostile enchantments, very
unstealthy
A: repulsion field 1, blurry vision 1, sense surroundings 1, slow regeneration 1
a: no special abilities


You were on level 3 of the Dungeon.
You were very hungry.

You visited 1 branch of the dungeon, and saw 3 of its levels.

You collected 106 gold pieces.

Inventory:

Hand Weapons
 a - a +0 mace (weapon)
Armour
 b - a +0 leather armour (worn)
Jewellery
 i - an amulet of warding (around neck)
Scrolls
 e - a scroll of identify {unknown}
 j - 2 scrolls of random uselessness {unknown}
 l - 2 scrolls of teleportation {unknown}
 m - a scroll of fog {unknown}
 o - 4 scrolls of fear {unknown}
Potions
 p - a potion of brilliance
 q - 3 potions of heal wounds
Books
 c - a book of Battle

   Spells                             Type                      Level
   a - Infusion                       Charms                       1
   b - Shroud of Golubria             Charms/Translocation         2
   c - Song of Slaying                Charms                       2
   d - Spectral Weapon                Hexes/Charms                 3
   e - Regeneration                   Charms/Necromancy            3
Comestibles
 d - 4 bread rations
 h - 2 beef jerkies


   Skills:
 - Level 2.0 Fighting
 * Level 3.9 Maces & Flails
 - Level 1.0 Armour
 - Level 1.0 Dodging
 - Level 2.0 Spellcasting
 + Level 4.0 Charms


You had 4 spell levels left.
You knew the following spells:

 Your Spells              Type           Power        Failure   Level  Hunger
a - Infusion              Chrm           ##....       8%          1    ##.....
b - Regeneration          Chrm/Necr      #.........   38%         3    ####...


Dungeon Overview and Level Annotations

Branches:
Dungeon (3/15)

Altars:
Qazlal


Innate Abilities, Weirdness & Mutations

You are surrounded by a mild repulsion field (EV +2).
Scrolls take you a little longer to read.
You passively map a small area around you.
You regenerate slowly when monsters are visible.


Message History

You barely miss the orc priest.
The orc priest is moderately wounded.
The orc priest misses you.
You hit the orc priest.
The orc priest is heavily wounded.
The orc priest hits you with a mace.
You hit the orc priest but do no damage.
The orc priest is heavily wounded.
The orc priest barely misses you.
You hit the orc priest.
The orc priest is severely wounded.
The orc priest misses you.
Unknown command.
You barely miss the orc priest.
The orc priest is severely wounded.
The orc priest invokes the aid of Beogh against you.
Pain shoots through your body!
* * * LOW HITPOINT WARNING * * *
The orc priest hits you with a mace!
You die...

#.# * #.........#
#.#* ,
,............,
####.#######
###.########.
#......#..., ,...
, .#
######.#.#######..
* * #
#.....#.......o
#.#.#.......... ,
* #.#.#.#o#####. ,
# #.#.#@# *
#...#.# * ,
#####.# * * , ..#
* * * #### , * **


You could see an orc priest.

Vanquished Creatures
  5 adders (D:2)
  2 oozes
  2 giant geckos
  10 bats
  2 giant cockroaches (D:2)
  3 hobgoblins (D:1)
  3 jackals (D:1)
  2 ball pythons (D:1)
  2 giant newts
  6 goblins
  5 kobolds
  6 rats
48 creatures vanquished.

Notes
Turn   | Place    | Note
--------------------------------------------------------------
     0 | D:1      | Avanven the Human Skald began the quest for the Orb.
     0 | D:1      | Reached XP level 1. HP: 16/16 MP: 3/3
   112 | D:1      | Reached XP level 2. HP: 22/22 MP: 5/5
   709 | D:1      | Reached XP level 3. HP: 20/27 MP: 6/6
  1610 | D:2      | Learned a level 3 spell: Regeneration
  2135 | D:2      | Reached XP level 4. HP: 30/33 MP: 7/7
  2446 | D:2      | Gained mutation: Your system is resistant to poisons. [potion of mutation]
  2446 | D:2      | Gained mutation: You regenerate slowly when monsters are visible. [potion of mutation]
  2446 | D:2      | Gained mutation: Your magical capacity is low (-10% MP). [potion of mutation]
  2447 | D:2      | Gained mutation: You passively map a small area around you. [potion of mutation]
  2447 | D:2      | Gained mutation: You are surrounded by a mild repulsion field (EV +2). [potion of mutation]
  2447 | D:2      | Lost mutation: Your system is resistant to poisons. [potion of mutation]
  2448 | D:2      | Lost mutation: Your magical capacity is low (-10% MP). [potion of mutation]
  2448 | D:2      | Gained mutation: Scrolls take you a little longer to read. [potion of mutation]
  2504 | D:2      | Reached skill level 4 in Charms
  2712 | D:3      | Found a stormy altar of Qazlal.
  2889 | D:2      | Reached XP level 5. HP: 19/38 MP: 1/8
  3117 | D:3      | Slain by an orc priest

Vault maps used:
D:1:      tarquinn_simple_flora_water_e, minivault_25, grunt_decor_mini_mirrors
D:2:      serial_bayou_pond_b
D:3:      old_standard_altar, first_bread, minmay_misc_feat_roman

Action                   |  1- 3 |  4- 6 || total
-------------------------+-------+-------++-------
Melee: Mace              |   118 |    42 ||   160
 Cast: Infusion          |     5 |     3 ||     8
       Regeneration      |     1 |     2 ||     3
  Use: Potion            |       |    10 ||    10
  Eat: Chunk             |     4 |     3 ||     7
